 Dungeon Crawl Stone Soup version 0.30-a0-737-gf23d94013f (webtiles) character file.

Game seed: 13803480728074133719

2761 Leeroy the Thaumaturge (level 9, -6/42 HPs)
             Began as a Vine Stalker Warper on Feb 2, 2023.
             Was an Elder of Jiyva.
             Mangled by a boulder beetle (30 damage)
             ... on level 8 of the Dungeon.
             The game lasted 00:10:38 (5851 turns).

Leeroy the Thaumaturge (Vine Stalker Warper)        Turns: 5851, Time: 00:10:39

Health: -6/42      AC: 10    Str: 11    XL:     9   Next: 69%
Magic:  0/25       EV: 13    Int: 21    God:    Jiyva [****..]
Gold:   252        SH:  0    Dex: 17    Spells: 21/30 levels left

rFire   . . .      SeeInvis .    o - +0 short sword (venom)
rCold   . . .      Faith    .    (no shield)
rNeg    + . .      Spirit   +    w - +0 troll leather armour
rPois   .          Reflect  .    M - +0 helmet
rElec   .          Harm     .    t - +0 cloak
rCorr   +          Rampage  .    A - +2 pair of gloves
Will    +....                    c - +0 pair of boots
Stlth   ++                       K - amulet of magic regeneration
HPRegen 3.15/turn                j - ring of positive energy
MPRegen 0.99/turn                (no ring)

@: no status effects
A: fangs 3, regeneration 1, magic shield, antimagic bite, no potion heal 2,
hooves 1, clever 2, jelly sensing items
a: Renounce Religion, Oozemancy, Slimify


You were on level 8 of the Dungeon.
You worshipped Jiyva.
Jiyva was greatly pleased with you.
You visited 2 branches of the dungeon, and saw 9 of its levels.
You also visited: Sewer.

You collected 252 gold pieces.

Inventory:

Hand Weapons
 a - a +0 falchion
 o - a +0 short sword of venom (weapon)
 F - a +0 dagger of venom
 I - a +0 long sword
Missiles
 d - 3 boomerangs of dispersal (quivered)
 g - 7 poisoned darts
 l - 5 javelins
Armour
 b - a +0 leather armour
 c - a +0 pair of boots (worn)
 n - a +1 pair of gloves
 t - a +0 cloak (worn)
 w - a +0 troll leather armour (worn)
 A - a +2 pair of gloves (worn)
 H - the +0 pair of gloves "Azead" {rElec}
   (You found it on level 7 of the Dungeon)

   rElec:     It insulates you from electricity.
 M - a +0 helmet (worn)
 N - the +5 chain mail "Damnable Contraption" {rPois rF- Dex+3 Stlth+}
   (You found it on level 8 of the Dungeon)

   Dex:       It affects your dexterity (+3).
   rF:        It makes you vulnerable to fire.
   rPois:     It protects you from poison.
   Stlth:     It makes you more stealthy.
Jewellery
 e - an amulet of reflection
 j - a ring of positive energy (left hand)
 E - an amulet of the acrobat
 K - an amulet of magic regeneration (around neck)
Wands
 y - a wand of charming (6)
Scrolls
 h - a scroll of amnesia
 i - 2 scrolls of enchant armour
 k - a scroll of vulnerability
 p - a scroll of fog
 q - 2 scrolls of teleportation
 D - a scroll of summoning
 G - a scroll of poison
 L - 2 scrolls of magic mapping
Potions
 f - 3 potions of curing
 m - 2 potions of attraction
 r - 2 potions of heal wounds
 s - 2 potions of magic
 u - 3 potions of might
 v - a potion of cancellation
 x - a potion of flight {unknown}
 z - 3 potions of mutation {unknown}
 B - a potion of resistance {unknown}
 C - 2 potions of invisibility {unknown}
 J - a potion of ambrosia {unknown}


   Skills:
 - Level 1.7 Fighting
 - Level 4.1 Long Blades
 - Level 0.8 Throwing
 - Level 0.7 Armour
 - Level 4.2 Dodging
 - Level 2.0 Stealth
 + Level 11.4 Spellcasting
 - Level 3.0 Translocations


You had 21 spell levels left.
You knew the following spells:

 Your Spells              Type           Power      Damage    Failure   Level
a - Blink                 Tloc           48%        N/A       3%          2
b - Vhi's Electric Charg  Tloc/Air       36%        N/A       12%         3
c - Manifold Assault      Tloc           24%        N/A       22%         4

Your spell library contained the following spells:

 Spells                   Type           Power      Damage    Failure   Level
 Lesser Beckoning         Tloc           48%        N/A       3%          2
 Teleport Other           Tloc           24%        N/A       6%          3
 Sandblast                Erth           22%        2d7       8%          1
 Passwall                 Tmut/Erth      9%         N/A       11%         2
 Ozocubu's Armour         Ice            11%        N/A       22%         3
 Stone Arrow              Conj/Erth      22%        3d8       22%         3
 Arcjolt                  Conj/Air       5%         1d15      90%         5
 Metabolic Englaciation   Hex/Ice        5%         N/A       90%         5
 Simulacrum               Ice/Necr       5%         N/A       100%        6
 Malign Gateway           Summ/Tloc      9%         N/A       100%        7
 Maxwell's Capacitive Co  Air            5%         ∞         100%        8
 Summon Horrible Things   Summ           5%         N/A       100%        8
 Chain Lightning          Conj/Air       5%         3d7       100%        9
 Fire Storm               Conj/Fire      5%         8d2       100%        9
 Shatter                  Erth           5%         3d8*      100%        9


Dungeon Overview and Level Annotations

Branches:
Dungeon (8/15)             Temple (1/1) D:6           Sewer (visited)
   Lair: D:8-11

Altars:
Ashenzari
Cheibriados
Dithmenos
Elyvilon
Fedhas
Gozag
Hepliaklqana
Kikubaaqudgha
Makhleb
Nemelex Xobeh
Qazlal
Ru
Sif Muna
Trog
Uskayaw
Vehumet
Wu Jian
Xom
Yredelemnul
Zin
The Shining One

Shops:
D:1 [   D:4 *   D:5 *   D:6 [


Innate Abilities, Weirdness & Mutations

You have razor-sharp teeth.
Your natural rate of healing is unusually fast.
When hurt, damage is shared between your health and your magic reserves.
Your bite disrupts and absorbs the magic of your enemies.
Potions cannot restore your health.
You have large cloven feet.
Your mind is very acute. (Int +8, Str/Dex -2)
You have a small jelly attached to you that senses nearby items.


Message History

You fail to use your ability.
You feel stable enough to blink again. The boulder beetle bites you!
* * * LOW HITPOINT WARNING * * *
Okay, then.
Okay, then.
Casting: Blink (safe; 3% risk of failure)
Confirm with . or Enter, or press ? or * to list all spells.
You blink.
Throw: 7 boomerangs (disperse)
Press: ? - help, Q - select action, (/) - cycle Shift-Dir - straight line, f - boulder beetle
Aim: a boulder beetle (moderately wounded, extremely poisoned, 89% to hit)
You throw a boomerang of dispersal.
The boomerang of dispersal hits the boulder beetle but does no damage.
The boulder beetle is moderately wounded.
The boulder beetle misses you.
Throw: 6 boomerangs (disperse)
Press: ? - help, Q - select action, (/) - cycle Shift-Dir - straight line, f/p - boulder beetle
Aim: a boulder beetle (moderately wounded, very poisoned, 89% to hit)
You throw a boomerang of dispersal.
The boomerang of dispersal hits the boulder beetle.
The boulder beetle blinks!
The boulder beetle is moderately wounded.
Throw: 5 boomerangs (disperse)
Press: ? - help, Q - select action, (/) - cycle Shift-Dir - straight line, f/p - boulder beetle
Aim: a boulder beetle (heavily wounded, very poisoned, 89% to hit)
You throw a boomerang of dispersal.
The boomerang of dispersal hits the boulder beetle but does no damage.
The boulder beetle is heavily wounded.
The boulder beetle curls into a ball and begins rolling!
Throw: 4 boomerangs (disperse)
Press: ? - help, Q - select action, (/) - cycle Shift-Dir - straight line, f/p - boulder beetle
Aim: a boulder beetle (moderately wounded, rolling, very poisoned, 89% to hit)
You throw a boomerang of dispersal.
The boomerang of dispersal hits the boulder beetle but does no damage.
The boulder beetle is moderately wounded.
You feel stable enough to blink again. The boulder beetle hits you!!!
Ouch! That really hurt!
You die...

############
#..........#
#.....?....#
#....[..°..#
#....§@B...#####
#..............#
#...(.......##.####
...................<#
.............###.#.##
..............$...#.#
...................>#
...#######.#.......#
#.#.#..####


You could see a boulder beetle (rolling, very poisoned).

Vanquished Creatures
  Pikel (D:4)
  Joseph (D:7)
  2 trolls (D:7)
  An acid dragon (D:6)
  A water moccasin (D:7)
  An ice beast (D:5)
  A black bear (D:5)
  A centaur (D:7)
  A phantom (D:6)
  A kobold brigand (D:7)
  2 bullfrogs (D:7)
  A scorpion (D:5)
  A necrophage (D:5)
  2 orc priests (D:5)
  2 jellies (Sewer)
  2 gnoll boudas
  Ijyb (D:3)
  5 iguanas
  Natasha (twice) (D:3)
  5 orc wizards
  6 gnolls
  12 adders
  2 river rats (Sewer)
  2 white imps
  A worm (Sewer)
  5 dart slugs
  9 orcs
  10 bats
  18 endoplasms
  10 giant cockroaches
  10 goblins
  14 hobgoblins
  2 jackals (D:2)
  2 quokkas
  11 ball pythons
  3 frilled lizards
  8 kobolds
  10 rats
169 creatures vanquished.

Vanquished Creatures (others)
  A wraith (D:6)
  Blork the orc (D:5)
  A bullfrog (D:7)
  A kobold brigand (D:7)
  15 jellies
  An iguana (D:5)
  Natasha (D:3)
  2 orc wizards
  An adder (D:6)
  A shadow imp (D:7)
  4 orcs
  An endoplasm (D:4)
  2 kobolds (D:7)
32 creatures vanquished.

Grand Total: 201 creatures vanquished

Notes
Turn   | Place    | Note
-------+----------+-------------------------------------------
     0 | D:1      | Leeroy the Vine Stalker Warper began the quest for the Orb.
     0 | D:1      | Reached XP level 1. HP: 11/11 MP: 4/4
   163 | D:1      | Reached skill level 1 in Stealth
   163 | D:1      | Reached XP level 2. HP: 13/15 MP: 4/6
   345 | D:1      | Found Gowiumma's Antique Armour Shoppe.
   823 | D:2      | Reached XP level 3. HP: 18/18 MP: 7/7
   926 | D:2      | Found a burning altar of Makhleb.
  1034 | D:2      | Gained mutation: Your natural rate of healing is unusually
                  | fast. [Vine Stalker growth]
  1034 | D:2      | Reached XP level 4. HP: 3/23 MP: 3/8
  1432 | D:3      | Noticed Ijyb
  1447 | D:3      | Killed Ijyb
  1448 | D:3      | Reached XP level 5. HP: 19/26 MP: 5/9
  1620 | D:3      | Noticed Natasha
  1630 | D:3      | Killed Natasha
  1756 | D:3      | Noticed Natasha
  1764 | D:3      | Killed Natasha
  1888 | D:3      | Found a glowing drain.
  1913 | D:3      | Reached XP level 6. HP: 28/30 MP: 10/10
  1934 | Sewer    | Entered a sewer
  2133 | Sewer    | Found a viscous altar of Jiyva.
  2190 | Sewer    | Became a worshipper of Jiyva Jefig the Shapeless
  2297 | Sewer    | Learned a level 2 spell: Blink
  2301 | Sewer    | Learned a level 3 spell: Vhi's Electric Charge
  2306 | Sewer    | Learned a level 4 spell: Manifold Assault
  2425 | D:3      | Killed Natasha
  2694 | D:4      | Found Uvaanorr's Assorted Antiques.
  2738 | D:4      | Reached * piety under Jiyva
  2893 | D:4      | Reached skill level 3 in Spellcasting
  2893 | D:4      | Reached XP level 7. HP: 30/34 MP: 9/12
  2926 | D:4      | Noticed Pikel
  2939 | D:4      | Killed Pikel
  2940 | D:4      | Reached skill level 6 in Spellcasting
  2940 | D:4      | Gained mutation: You have razor-sharp teeth. [Vine Stalker
                  | growth]
  2940 | D:4      | Reached XP level 8. HP: 22/38 MP: 12/18
  3567 | D:5      | Entered Level 5 of the Dungeon
  3584 | D:5      | Reached skill level 7 in Spellcasting
  3626 | D:5      | Reached ** piety under Jiyva
  3661 | D:5      | Found Zin's Purification Station.
  3661 | D:5      | Found a glowing silver altar of Zin.
  3724 | D:5      | Found a shimmering blue altar of Sif Muna.
  3734 | D:5      | Found a shadowy altar of Dithmenos.
  3809 | D:5      | Killed Blork the orc
  3935 | D:5      | Reached skill level 8 in Spellcasting
  4413 | D:6      | Reached *** piety under Jiyva
  4504 | D:6      | Found a staircase to the Ecumenical Temple.
  4515 | D:6      | Found Zaydghot's Armour Emporium.
  4538 | D:6      | Noticed a wraith
  4571 | D:6      | Killed a wraith
  4572 | D:6      | Reached skill level 9 in Spellcasting
  4572 | D:6      | Reached XP level 9. HP: 42/42 MP: 21/23
  4799 | D:6      | Found an ornate altar of the Wu Jian Council.
  4802 | D:6      | Gained mutation: You have a small jelly attached to you
                  | that senses nearby items. [Jiyva's grace]
  4802 | D:6      | Gained mutation: Your mind is acute. (Int +4, Str/Dex -1)
                  | [Jiyva's grace]
  4802 | D:6      | Gained mutation: Your mind is very acute. (Int +8, Str/Dex
                  | -2) [Jiyva's grace]
  4802 | D:6      | Gained mutation: You have large cloven feet. [Jiyva's
                  | grace]
  4938 | Temple   | Entered the Ecumenical Temple
  5174 | D:7      | Noticed a troll
  5349 | D:7      | Found a bloodstained altar of Trog.
  5429 | D:7      | Reached skill level 10 in Spellcasting
  5465 | D:7      | Reached **** piety under Jiyva
  5504 | D:7      | Noticed Joseph
  5519 | D:7      | Killed Joseph
  5671 | D:7      | Killed a troll
  5672 | D:7      | Reached skill level 11 in Spellcasting
  5695 | D:7      | Noticed a troll
  5707 | D:7      | Killed a troll
  5790 | D:7      | Identified the +0 pair of gloves "Azead" {rElec}
  5838 | D:8      | Noticed a boulder beetle
  5840 | D:8      | Identified the +5 chain mail "Damnable Contraption" {rPois
                  | rF- Dex+3 Stlth+}
  5851 | D:8      | Mangled by a boulder beetle

Illustrated notes

Levels and vault maps discovered:
D:1:      shiori_arrival_maze, layout_loops_ring, serial_shops, shop
D:2:      layout_rooms, basic_altar, minmay_misc_feat_iff
D:3:      layout_loops_ring, gup_sewer_entry_glass, amethyst_killhole,
          uniq_ijyb, uniq_natasha
D:4:      cheibrodos_greedy_goblins, layout_basic, serial_shops, shop,
          uniq_pikel
D:5:      layout_loops_corners, zin_purify, amethyst_overflow_temple_binary,
          uniq_blork_the_orc
D:6:      nicolae_cairo_tiling, layout_rooms,
          mainiacjoe_overflow_concentric_impassable, serial_shops,
          nicolae_shop_temple_entry_statues_fountains
D:7:      layout_gridville, kennysheep_little_box, minmay_starry_boxes,
          uniq_joseph
D:8:      layout_basic
Temple:   compressed_dpeg_triangle_lava_temple

Skill      XL: |  1  2  3  4  5  6  7  8  9 |
---------------+----------------------------+-----
Long Blades    | 2 3 4 |  4.1
Stealth        | 1 2 |  2.0
Dodging        | 2 3 4 |  4.2
Spellcasting   | 3 6 9 11 | 11.4
Fighting       | |  1.7
Throwing       | |  0.8
Armour         | |  0.7
Translocations | |  3.0

Action                     |  1- 3 |  4- 6 |  7- 9 || total
---------------------------+-------+-------+-------++-------
  Melee: Falchion          |    37 |       |       ||    37
         Bite              |    24 |    78 |   124 ||   226
         Punch             |     2 |     8 |     4 ||    14
         Short sword       |    67 |   257 |   198 ||   522
         Long sword        |       |       |    99 ||    99
  Throw: Boomerang         |       |       |     4 ||     4
         Javelin           |       |       |     2 ||     2
   Cast: Blink             |       |       |     2 ||     2
  Evoke: Wand              |       |       |     2 ||     2
    Use: Potion            |     2 |       |       ||     2
         Scroll            |       |    10 |     6 ||    16
   Stab: Sleeping          |     2 |     8 |     4 ||    14
         Distracted        |       |     2 |       ||     2
         Invisible         |       |       |     1 ||     1
 Armour: Leather armour    |    35 |    65 |    77 ||   177
         Troll leather arm |       |       |     1 ||     1
  Dodge: Dodged            |    48 |   151 |   187 ||   386
  Block: Other             |    31 |    60 |    15 ||   106

Table legend: (Time is in decaauts)
 A = Elapsed time spent in this place.
 B = Non-inter-level travel time spent in this place.
 C = Inter-level travel time spent in this place.
 D = Time resting spent in this place.
 E = Time spent auto-exploring this place.
 F = Levels seen in this place.
 G = Mean time per level.
                   A        B        C        D        E       F      G
               +--------+--------+--------+--------+--------+-----+--------+
         Total |   5861 |   5608 |    253 |    246 |   3681 |  10 |  586.1 |
       Dungeon |   5315 |   5074 |    241 |    229 |   3390 |   8 |  664.4 |
        Temple |    160 |    148 |     12 |      0 |    140 |   1 |  160.0 |
         Sewer |    385 |    385 |      0 |     17 |    151 |   1 |  385.0 |
               +--------+--------+--------+--------+--------+-----+--------+

Top non-repeatable levels by time:
     D:3: 921 daAuts
     D:4: 822 daAuts
     D:1: 797 daAuts
     D:5: 782 daAuts
     D:6: 721 daAuts
     D:2: 633 daAuts
     D:7: 615 daAuts
   Sewer: 385 daAuts
  Temple: 160 daAuts
     D:8: 20 daAuts
